 Dungeon Crawl Stone Soup version 0.28.0 (webtiles) character file.

Game seed: 5683736226886532820

48 Hasart the Shield-Bearer (level 3, 0/31 HPs)
             Began as a Demigod Fighter on Feb 12, 2022.
             Slain by an orc wizard (3 damage)
             ... on level 2 of the Dungeon.
             The game lasted 00:02:44 (1347 turns).

Hasart the Shield-Bearer (Demigod Fighter)          Turns: 1347, Time: 00:02:44

Health: 0/31       AC:  7    Str: 17    XL:     3   Next: 30%
Magic:  5/5        EV:  9    Int: 10    God:
Gold:   78         SH:  5    Dex: 17    Spells: 2/2 levels left

rFire   . . .      SeeInvis .   a - +0 long sword
rCold   . . .      Faith    .   c - +0 buckler
rNeg    . . .      Spirit   .   b - +0 scale mail
rPois   .          Reflect  .   f - +0 helmet
rElec   .          Harm     .   (no cloak)
rCorr   .          Rampage  .   (no gloves)
Will    .....                   (no boots)
Stlth   ..........              (no amulet)
HPRegen 0.10/turn               (no ring)
MPRegen 0.09/turn               (no ring)

@: no status effects
A: high MP 1, forlorn, divine attributes
a: no special abilities


You were on level 2 of the Dungeon.
You visited 1 branch of the dungeon, and saw 2 of its levels.

You collected 78 gold pieces.

Inventory:

Hand Weapons
 a - a +0 long sword (weapon)
Armour
 b - a +0 scale mail (worn)
 c - a +0 buckler (worn)
 f - a +0 helmet (worn)
Scrolls
 e - a scroll of torment {unknown}
 g - a scroll of teleportation {unknown}
 h - a scroll of identify {unknown}
 j - a scroll of acquirement {unknown}
Potions
 d - a potion of might
 i - a potion of haste {unknown}


   Skills:
 + Level 3.0 Fighting
 * Level 2.5 Long Blades
 + Level 2.9 Armour
 + Level 1.0 Dodging
 + Level 3.0 Shields


You had 2 spell levels left.
You didn't know any spells.
Your spell library contained the following spells:

 Spells                   Type           Power      Damage    Failure   Level
 Ignite Poison            Fire/Tmut/Pois 0%         N/A       99%         3
 Mephitic Cloud           Conj/Pois/Air  0%         N/A       99%         3
 Freezing Cloud           Conj/Ice/Air   0%         6-21      100%        5


Dungeon Overview and Level Annotations

Branches:
Dungeon (2/15)

Shops:
D:1 (


Innate Abilities, Weirdness & Mutations

You have an increased reservoir of magic. (+10% MP)
You shall have no god before yourself.
Your divine heritage dramatically boosts your attributes as you level up.


Message History

Something tries to affect you, but you resist.
You closely miss something. Something hits you. You block something's attack.
You miss something. Something hits you.
You miss something. Something hits you but does no damage.
You closely miss something.
You hear some strange, mumbled words.
You are confused.
You closely miss something.
Something hits you but does no damage. x2
You closely miss something.
You hear some strange, mumbled words.
Something tries to affect you, but you resist.
You bump into the tree.
An orc wizard appears from thin air!
Reactivating autopickup.
The orc wizard hits you but does no damage.
You bump into the tree.
The orc wizard hits you but does no damage.
You miss the orc wizard.
The orc wizard is moderately wounded.
The orc wizard casts a spell at you. You resist with some effort.
You bump into the tree.
The orc wizard hits you with a +0 dagger.
You bump into the tree.
You feel less confused. The orc wizard casts a spell at you.
The puff of flame hits you!
* * * LOW HITPOINT WARNING * * *
You closely miss the orc wizard.
The orc wizard is moderately wounded.
The orc wizard hits you with a +0 dagger.
* * * LOW HITPOINT WARNING * * *
The orc wizard hits you but does no damage.
You barely miss the orc wizard.
The orc wizard is moderately wounded.
The orc wizard hits you with a +0 dagger.
* * * LOW HITPOINT WARNING * * *
You miss the orc wizard.
The orc wizard is moderately wounded.
The orc wizard hits you with a +0 dagger.
You die...

## ## ##. .## .
#.. ..# # #####.
.o .. ##. .... .♣.
###...##.## ♣o♣
........†. ♣@♣♣
##...##.## # ♣..♣
##.###.## . ♣♣.♣
#....... ♣. ♣.♣
###.##..## ♣.♣
♣♣.♣ ..# #.##
..♣♣..♣ #.#.##.###
♣.♣.♣#
####.#.......
♣...♣
♣♣..#.####.###
♣.∩.♣♣♣.♣........#


You could see an orc wizard and an orc.

Vanquished Creatures
  An orc wizard (D:2)
  2 dart slugs (D:1)
  2 bats
  An endoplasm (D:1)
  A giant cockroach (D:1)
  3 hobgoblins
  4 kobolds
  A quokka (D:1)
  2 ball pythons (D:1)
  2 rats (D:1)
19 creatures vanquished.

Notes
Turn   | Place    | Note
-------+----------+-------------------------------------------
     0 | D:1      | Hasart the Demigod Fighter began the quest for the Orb.
     0 | D:1      | Reached XP level 1. HP: 18/18 MP: 3/3
   379 | D:1      | Reached XP level 2. HP: 15/25 MP: 4/4
   718 | D:1      | Found Somp's Weapon Shop.
  1325 | D:2      | Reached skill level 1 in Dodging
  1325 | D:2      | Reached XP level 3. HP: 31/31 MP: 5/5
  1347 | D:2      | Slain by an orc wizard

Illustrated notes

Levels and vault maps discovered:
D:1:      amcnicky_arrival_underground_garden, layout_loops_corners,
          serial_shops, nicolae_shop_stone
D:2:      layout_loops_corners, shapermc_ecumenical_altar_totnotflames,
          kennysheep_generic_room_7

Skill      XL: |  1  2 |
---------------+-------+-----
Long Blades    | 2 |  2.5
Fighting       | 3 |  3.0
Dodging        | 1 |  1.0
Shields        | 3 |  3.0
Armour         | |  2.9

Action                   || total
-------------------------++-------
Melee: Long sword        ||    61
Armor: Scale mail        ||    26
Dodge: Dodged            ||    15
Block: Buckler           ||    10
